 Dungeon Crawl Stone Soup version 0.31.0-10-gcf4a605ca0 (webtiles) character file.

Game seed: 12041559416209698050

1918876 inmateoo the Shatterer (level 26, 184/184 HPs)
             Began as a Gargoyle Monk on Jan 25, 2024.
             Was a Follower of Uskayaw.
             Escaped with the Orb
             ... and 3 runes
             ... and 1 gem on Jan 26, 2024!
             The game lasted 01:33:13 (56742 turns).

inmateoo the Shatterer (Gargoyle Monk)             Turns: 56742, Time: 01:33:14

Health: 184/184    AC: 51    Str: 32    XL:     26   Next: 85%
Magic:  25/25      EV: 21    Int: 10    God:    Uskayaw [*.....]
Gold:   3648       SH: 19    Dex: 18    Spells: 24/25 levels left

rFire   + + +        p - +9 eveningstar (freeze)
rCold   + + +        C - +5 kite shield {reflect}
rNeg    + + .        S - +6 scale mail "Siucvyco" {rC+ rN+ Will+ Slay-3}
rPois   ∞            q - +2 hat {Will+}
rElec   +            u - +2 cloak
rCorr   +            A - +2 pair of gloves
SInv    .            Q - +2 pair of boots "Oregoed" {rPois Dex+4}
Will    ++++.        N - amulet of Potablek {Regen+ Str+7 Int-4}
Stlth   +            M - ring of Zubaew {rF+++ rCorr MP-9 Str+5}
HPRegen 1.30/turn    l - ring of Wu Jian's Wrath {^Contam rF+ rC++ Slay+5}
MPRegen 0.19/turn

%: reflection
@: flying, studying 2 skills
A: sickness immunity, AC +20, big wings, negative energy resistance 1,
electricity resistance, torment resistance 1, petrification resistance, clumsy
1, low MP 1, strong-willed 1, mutation resistance 1
0: Orb of Zot
}: 3/15 runes: decaying, silver, gossamer
a: Renounce Religion, Stomp


You escaped.
You worshipped Uskayaw.
Uskayaw was greatly pleased with you.
You visited 10 branches of the dungeon, and saw 48 of its levels.
You visited 1 bazaar.
You also visited: Sewer and Ossuary.

You collected 6761 gold pieces.
You spent 3113 gold pieces at shops.

Inventory:

Hand Weapons
 p - a +9 eveningstar of freezing (weapon)
 V - a +8 antimagic eveningstar
Missiles
 B - 5 throwing nets
Armour
 q - a +2 hat of willpower (worn)
 u - a +2 cloak (worn)
 A - a +2 pair of gloves (worn)
 C - a +5 kite shield of reflection (worn)
 Q - the +2 pair of boots "Oregoed" (worn) {rPois Dex+4}
   (You found it on level 3 of the Elven Halls)

   Dex+4:     It affects your dexterity (+4).
   rPois:     It protects you from poison
 S - the +6 scale mail "Siucvyco" (worn) {rC+ rN+ Will+ Slay-3}
   (You found it on level 4 of the Lair of Beasts)

   Slay-3:    It affects your accuracy & damage with ranged weapons and melee
   (-3).
   rC+:       It protects you from cold.
   rN+:       It protects you from negative energy.
   Will+:     It increases your willpower.
Jewellery
 l - the ring of Wu Jian's Wrath (right hand) {^Contam rF+ rC++ Slay+5}
   (You took it off a deep elf master archer on level 3 of the Elven Halls)

   [ring of protection from fire]

   Slay+5:    It affects your accuracy & damage with ranged weapons and melee
   (+5).
   rF+:       It protects you from fire.
   rC++:      It greatly protects you from cold.
   ^Contam:   It causes magical contamination when unequipped.
 y - a ring of see invisible
 K - a ring of willpower
 M - the ring of Zubaew (left hand) {rF+++ rCorr MP-9 Str+5}
   (You bought it in a shop on level 1 of the Vaults)

   [ring of resist corrosion]

   Str+5:     It affects your strength (+5).
   rF+++:     It renders you almost immune to fire.
   MP-9:      It affects your magic capacity (-9).
   rCorr:     It protects you from acid and corrosion.
 N - the amulet of Potablek (around neck) {Regen+ Str+7 Int-4}
   (You bought it in a shop on level 2 of the Orcish Mines)

   [amulet of regeneration]

   Str+7:     It affects your strength (+7).
   Int-4:     It affects your intelligence (-4).
   Regen+:    It increases your rate of health regeneration.
Wands
 j - a wand of paralysis (20)
 n - a wand of iceblast (16)
 r - a wand of polymorph (28)
 I - a wand of flame (21)
 O - a wand of mindburst (35)
 R - a wand of light (41)
Scrolls
 b - 14 scrolls of immolation
 e - 18 scrolls of teleportation
 h - a scroll of enchant armour
 m - 7 scrolls of fear
 o - 39 scrolls of identify
 v - 4 scrolls of silence
 x - 4 scrolls of blinking
 F - 9 scrolls of fog
 J - a scroll of poison
Potions
 a - a potion of berserk rage
 c - 4 potions of ambrosia
 f - 7 potions of might
 i - 12 potions of heal wounds
 s - 4 potions of resistance
 t - 3 potions of enlightenment
 w - 20 potions of curing
 z - 13 potions of mutation
 E - 7 potions of haste
 G - 6 potions of cancellation
 H - 5 potions of magic
 L - 4 potions of invisibility
 P - a potion of lignification
Miscellaneous
 d - a phantom mirror (inert)


   Skills:
 + Level 23.7 Fighting
 - Level 24.0 Maces & Flails
 - Level 20.0 Armour
 + Level 18.2 Dodging
 - Level 6.0 Stealth
 - Level 14.0 Shields
 + Level 22.1 Invocations
 - Level 4.0 Evocations


You had 24 spell levels left.
You knew the following spells:

 Your Spells              Type           Power      Damage    Failure   Level
a - Apportation           Tloc           0%         N/A       61%         1

Your spell library contained the following spells:

 Spells                   Type           Power      Damage    Failure   Level
 Freeze                   Ice            0%         1d3       61%         1
 Kiss of Death            Conj/Necr      0%         2d5       61%         1
 Magic Dart               Conj           0%         1d3       61%         1
 Necrotise                Necr           0%         1d4       61%         1
 Slow                     Hex            0%         N/A       61%         1
 Sting                    Conj/Alch      0%         1d3       61%         1
 Summon Small Mammal      Summ           0%         N/A       61%         1
 Blink                    Tloc           0%         N/A       75%         2
 Call Imp                 Summ           0%         N/A       75%         2
 Jinxbite                 Hex            0%         N/A       75%         2
 Lesser Beckoning         Tloc           0%         N/A       75%         2
 Mercury Vapours          Alch/Air       0%         N/A       75%         2
 Momentum Strike          Conj/Tloc      0%         3d8       75%         2
 Scorch                   Fire           0%         2d5       75%         2
 Searing Ray              Conj           0%         2d4       75%         2
 Call Canine Familiar     Summ           0%         N/A       93%         3
 Confusing Touch          Hex            0%         N/A       93%         3
 Dazzling Flash           Conj/Hex       0%         N/A       93%         3
 Frozen Ramparts          Ice            0%         1d1       93%         3
 Fugue of the Fallen      Necr           0%         N/A       93%         3
 Hailstorm                Conj/Ice       0%         3d5       93%         3
 Inner Flame              Hex/Fire       0%         N/A       93%         3
 Mephitic Cloud           Conj/Alch/Air  0%         N/A       93%         3
 Ozocubu's Armour         Ice            0%         N/A       93%         3
 Sigil of Binding         Hex            0%         N/A       93%         3
 Summon Ice Beast         Ice/Summ       0%         N/A       93%         3
 Tukima's Dance           Hex            0%         N/A       93%         3
 Vampiric Draining        Necr           0%         2d6       93%         3
 Volatile Blastmotes      Fire/Tloc      0%         2d10      93%         3
 Anguish                  Hex/Necr       0%         N/A       100%        4
 Animate Dead             Necr           0%         N/A       100%        4
 Brom's Barrelling Bould  Conj/Erth      0%         2d3       100%        4
 Cause Fear               Hex            0%         N/A       100%        4
 Dimensional Bullseye     Hex/Tloc       0%         N/A       100%        4
 Dispel Undead            Necr           0%         3d6       100%        4
 Flame Wave               Conj/Fire      0%         2d4       100%        4
 Fulminant Prism          Conj/Alch      0%         3d5       100%        4
 Ignite Poison            Fire/Alch      0%         N/A       100%        4
 Iskenderun's Mystic Bla  Conj/Tloc      0%         2d3       100%        4
 Leda's Liquefaction      Alch/Erth      0%         N/A       100%        4
 Manifold Assault         Tloc           0%         N/A       100%        4
 Martyr's Knell           Necr/Summ      0%         N/A       100%        4
 Passage of Golubria      Tloc           0%         N/A       100%        4
 Petrify                  Alch/Erth      0%         N/A       100%        4
 Vhi's Electric Charge    Tloc/Air       0%         N/A       100%        4
 Alistair's Intoxication  Alch           0%         N/A       100%        5
 Arcjolt                  Conj/Air       0%         1d10      100%        5
 Borgnjor's Vile Clutch   Necr/Erth      0%         N/A       100%        5
 Curse of Agony           Necr           0%         N/A       100%        5
 Fireball                 Conj/Fire      0%         3d3       100%        5
 Freezing Cloud           Conj/Ice/Air   0%         6-21      100%        5
 Irradiate                Conj/Alch      0%         3d11      100%        5
 Iskenderun's Battlesphe  Conj           0%         2d6       100%        5
 Metabolic Englaciation   Hex/Ice        0%         N/A       100%        5
 Silence                  Hex/Air        0%         N/A       100%        5
 Yara's Violent Unravell  Hex/Alch       0%         3d3       100%        5
 Bombard                  Conj/Erth      0%         9d1       100%        6
 Conjure Ball Lightning   Conj/Air       0%         3x3d6     100%        6
 Dispersal                Tloc           0%         N/A       100%        6
 Eringya's Noxious Bog    Alch           0%         4d6       100%        6
 Plasma Beam              Fire/Air       0%         2x1d10    100%        6
 Sculpt Simulacrum        Ice/Alch       0%         N/A       100%        6
 Starburst                Conj/Fire      0%         6d3       100%        6
 Summon Cactus Giant      Summ           0%         N/A       100%        6
 Enfeeble                 Hex            0%         N/A       100%        7
 Haunt                    Necr/Summ      0%         N/A       100%        7
 Orb of Destruction       Conj           0%         9d5       100%        7
 Spellforged Servitor     Conj/Summ      0%         N/A       100%        7
 Summon Hydra             Summ           0%         N/A       100%        7
 Borgnjor's Revivificati  Necr           0%         N/A       100%        8
 Disjunction              Tloc           0%         N/A       100%        8
 Ignition                 Fire           0%         3d3       100%        8
 Infestation              Necr           0%         N/A       100%        8
 Maxwell's Capacitive Co  Air            0%         ∞         100%        8
 Dragon's Call            Summ           0%         N/A       100%        9
 Cigotuvi's Dreadful Rot  Necr/Alch/Air  Unusable   N/A       N/A         2
 Sublimation of Blood     Necr           Unusable   N/A       N/A         2

Dungeon Overview and Level Annotations

Branches:
Dungeon (15/15)            Temple (1/1) D:4            Lair (5/5) D:11
  Swamp (4/4) Lair:2       Spider (4/4) Lair:3        Slime (0/5) Lair:5
    Orc (2/2) D:12            Elf (3/3) Orc:2        Vaults (5/5) D:14
  Crypt (0/3) Vaults:3     Depths (4/4) D:15            Zot (5/5) Depths:4
  Sewer (visited)         Ossuary (visited)

Altars:
Ashenzari
Cheibriados
Dithmenos
Elyvilon
Fedhas
Gozag
Hepliaklqana
Kikubaaqudgha
Makhleb
Nemelex Xobeh
Okawaru
Qazlal
Ru
Sif Muna
Trog
Uskayaw
Vehumet
Wu Jian
Xom
Yredelemnul
Zin
The Shining One
Jiyva

Shops:
D:3 !   D:13 [   Orc:1 (   Orc:2 :?[=   Elf:3 =   Vaults:1 =   Depths:1 :[
Depths:4 (

Portals:
Hell: Depths:1 Depths:2 Depths:3 Depths:4
Abyss: Depths:1 Depths:3
Pandemonium: Depths:2
Ziggurat: Depths:4

Annotations:
Depths:1 4 transporters


Innate Abilities, Weirdness & Mutations

You are immune to sickness and miasma.
Your stone body is resilient. (AC +20)
You are immune to poison.
Your large and strong wings let you fly.
You resist negative energy. (rN+)
You are resistant to electric shocks. (rElec)
You are resistant to unholy torment.
You are immune to petrification.
You are clumsy. (Dex -2)
Your magical capacity is low. (-10% MP)
You are strong-willed. (Will+)
You are somewhat resistant to further mutation.


Message History

No target in view!
There is a stone staircase leading up here.
You fly upwards.
There is a stone staircase leading down here.
There is a stone staircase leading up here.
You fly upwards.
There is a stone staircase leading down here.
A daeva comes into view.
It is wielding a +5 long sword of holy wrath.
The daeva shouts!
The daeva calls down the wrath of the Shining One upon you.
The Shining One smites you! The daeva blocks your attack.
The daeva blocks your attack. You block the daeva's attack. x2
You perforate the daeva like a sieve!!!!
You freeze the daeva!!
The daeva is almost dead.
You block the daeva's attack. The daeva barely misses you.
You flatten the daeva like a pancake!!! You freeze the daeva.
You kill the daeva!
No target in view!
Things that are here:
a +5 long sword of holy wrath; a +0 tower shield
Things that are here:
a +0 chain mail; a +0 robe An Orb Guardian comes into view.
You reach down and open the door.
There is an open door here.
The Orb Guardian attacks as it pursues you!
The Orb Guardian hits you but does no damage.
You block the Orb Guardian's attack.
The Orb Guardian attacks as it pursues you!
The Orb Guardian hits you but does no damage.
The Orb Guardian hits you but does no damage.
The Orb Guardian attacks as it pursues you!
The Orb Guardian hits you but does no damage.
The Orb Guardian attacks as it pursues you!
You block the Orb Guardian's attack. x2
There is a staircase leading out of the dungeon here.
The Orb Guardian barely misses you.
You have escaped!

#.# #.# #
#########.#########.# #
#................##.#
#########§######.##.#
#########§§......##.#####
#........§§......##.#....
#.###♣..#§.♣......#.#.###
#.# ♣§###.♣.#....#.#.###
###.##
♣§#@#§♣.#....#.#....
#....#
♣##X##♣.#....#.#....
#....#
##...##......#.#....
#####....#
#.....####...#.#....
#........#
#.....#......#.##...
#.###.#.##
#.....#.##.#.#.#....
#.#.#.#.#
#.....#.##.#.#.#.###
#.#...#.#
#.§§..#....#.#.#.#..
###.#####.#
#.§§§.#.####.#.#.#..


You could see an Orb Guardian.

Vanquished Creatures
  4 dread liches
  4 orbs of fire (Zot:5)
  Frederick (Vaults:3)
  An ancient lich (Zot:5)
  Mara (Swamp:3)
  8 Killer Klowns (Zot:5)
  Bai Suzhen (Swamp:4)
  the Lernaean hydra (Swamp:4)
  11 golden dragons
  2 curse toes (Zot:2)
  Nikola (Swamp:4)
  Norris (Elf:3)
  the Enchantress (Depths:2)
  2 Tzitzimimeh
  2 doom hounds (Zot:2)
  15 tentacled monstrosities
  Rupert (Spider:1)
  The ghost of abarbat the Executioner, an adept MiBe of Trog (Vaults:4)
  5 electric golems
  2 Ice Fiends
  2 liches
  27 Orb Guardians
  Asterion (Vaults:1)
  Grunn (Zot:2)
  2 deep elf blademasters
  2 titans (Vaults:5)
  2 deep elf master archers (Elf:3)
  2 ancient champions (Vaults:3)
  5 death cobs
  6 quicksilver dragons
  3 sphinxes
  7 shadow dragons
  Kirke (Lair:5)
  Agnes (D:15)
  8 storm dragons
  9 tengu reavers
  Roxanne (D:15)
  3 protean progenitors
  Donald (Spider:1)
  2 draconian knights (Zot:4)
  Aizul (Vaults:1)
  8 draconian monks
  6 frost giants
  12 fire giants
  A daeva (D:1)
  7 draconian scorchers
  A fenstrider witch (Swamp:4)
  5 ghost moths
  An iron dragon (Vaults:5)
  6 emperor scorpions
  A caustic shrike zombie (Depths:1)
  11 deep elf sorcerers
  3 draconian shifters
  2 draconian annihilators
  13 ironbound preservers
  12 draconian stormcallers
  19 vault wardens
  6 deep elf elementalists (Elf:3)
  15 very ugly things
  3 reapers
  A broodmother (Spider:4)
  20 stone giants
  3 spriggan defenders (Depths:3)
  3 vampire knights
  7 green draconians
  12 black draconians
  8 deep elf annihilators
  10 ironbound thunderhulks
  20 spark wasps
  15 dire elephants
  4 deep elf demonologists
  5 bunyips
  2 eleionomae
  5 deep elf death magi
  8 red draconians
  10 white draconians
  A war gargoyle (Vaults:5)
  Nessos (D:15)
  11 purple draconians
  12 yellow draconians
  2 blizzard demons (Zot:4)
  11 ettins
  8 fire dragons
  20 yaktaur captains
  A crystal guardian (Vaults:2)
  5 deep elf high priests
  Josephine (D:13)
  5 great orbs of eyes
  4 entropy weavers
  The ghost of Vew Pil the Grappler, a journeyman DrSh of Okawaru (Lair:1)
  A peacekeeper (Vaults:2)
  22 hydras
  Erolcha (Orc:2)
  2 rakshasas
  A hell beast (Depths:4)
  10 ice dragons
  3 ghost crabs
  A radroach (Spider:4)
  4 spriggan air magi
  35 vault guards
  6 ironbound frosthearts
  6 ogre magi
  8 deep troll earth magi
  10 alligators
  10 boulder beetles
  A death knight (D:11)
  8 centaur warriors
  5 spriggan berserkers
  15 two-headed ogres
  30 dancing weapons
  A hell hog (Depths:4)
  2 sphinx skeletons
  7 death yaks
  6 deep troll shamans
  7 tengu warriors
  9 demonic crawlers
  A vampire mage (D:15)
  3 occultists
  17 spriggans
  Urug (Lair:5)
  16 deep elf knights
  2 sun demons
  A storm dragon zombie (D:15)
  Nergalle (Orc:1)
  13 skeletal warriors (D:15)
  5 skysharks
  8 iron trolls
  A storm dragon skeleton (D:15)
  A shadow wraith (Vaults:5)
  A death drake (shapeshifter) (Depths:3)
  A spriggan druid (Swamp:4)
  4 arcanists
  7 pharaoh ants
  9 glowing orange brains
  An orb spider (shapeshifter) (Depths:3)
  11 swamp dragons
  5 goliath frogs
  34 deep trolls
  4 steelbarb worms
  3 sun moths
  9 orb spiders
  11 bog bodies
  3 mana vipers (Zot:2)
  2 flayed ghosts
  An obsidian statue (Zot:5)
  20 ironbound convokers
  A lindwurm (shapeshifter) (Vaults:5)
  2 lindwurms (Vaults:2)
  4 phantasmal warriors
  30 deep elf pyromancers
  20 deep elf zephyrmancers
  5 necromancers
  7 deep elf archers
  8 orc sorcerers (Orc:2)
  5 harpies (Vaults:1)
  4 orc knights
  4 manticores
  11 cyclopes
  16 wolf spiders
  29 ugly things
  A shining eye (shapeshifter) (Vaults:4)
  3 will-o-the-wisps
  A stone giant skeleton (Vaults:2)
  21 moths of wrath
  A rust devil (D:15)
  12 vault sentinels
  3 kobold blastminers
  An orange demon (D:3)
  3 torpor snails
  19 cane toads
  2 smoke demons
  A torpor snail (shapeshifter) (Vaults:5)
  Maggie (D:7)
  A gargoyle (D:10)
  An unseen horror (D:11)
  A rime drake (Lair:4)
  4 freezing wraiths
  7 tengu conjurers
  10 komodo dragons
  A komodo dragon (shapeshifter) (Elf:2)
  2 efreet
  46 yaktaurs
  3 polar bears
  A queen bee (shapeshifter) (D:9)
  10 trolls
  A silent spectre (Orc:1)
  13 hornets
  8 tyrant leeches
  31 tarantellas
  A tarantella (shapeshifter) (D:13)
  25 blink frogs
  Grinder (Sewer)
  11 dream sheep
  A spriggan zombie (Depths:1)
  23 jumping spiders
  24 slime creatures
  24 culicivoras
  An ettin skeleton (Depths:1)
  3 vampires
  A shadow (D:11)
  4 fire elementals
  7 wraiths
  27 yaks
  5 wyverns
  4 hogs (Lair:5)
  9 water elementals
  10 basilisks
  21 vampire mosquitoes
  61 redbacks
  3 wargs (Orc:2)
  20 swamp worms
  2 acid dragons
  16 water moccasins
  2 glowing shapeshifter skeletons
  19 orc warriors
  7 swamp drakes (Swamp:4)
  An ice beast (D:7)
  A sky beast (D:8)
  A laughing skull (Vaults:3)
  3 black bears
  A spriggan simulacrum (Depths:1)
  4 boggarts
  The ghost of sentinel the Chopper, an amateur AtGl (D:4)
  16 centaurs
  26 wolves
  18 ogres
  6 kobold brigands
  A phantom (D:6)
  2 gnoll sergeants
  2 earth elementals
  4 scorpions
  20 bullfrogs
  7 wights
  10 killer bees
  4 howler monkeys
  3 electric eels
  A bombardier beetle (D:7)
  4 centaur zombies (Ossuary)
  A quasit (Sewer)
  5 hounds
  2 gnoll boudas
  10 orc priests
  5 jellies
  5 iguanas
  2 sleepcaps (D:8)
  30 orc wizards
  An ogre zombie (Ossuary)
  A boggart simulacrum (D:14)
  8 mummies
  20 gnolls
  3 adders
  4 shadow imps
  3 white imps
  3 ufetubi (Sewer)
  5 adder zombies
  2 dart slugs
  2 ribbon worms
  52 orcs
  21 ball pythons
  7 bats
  A bat zombie (Sewer)
  5 endoplasms
  12 giant cockroaches
  9 goblins
  7 hobgoblins
  A jackal (D:1)
  9 quokkas
  3 training dummies (Orc:1)
  5 frilled lizards
  A gnoll zombie (Ossuary)
  2 goblin zombies (Ossuary)
  2 hobgoblin zombies (Ossuary)
  16 kobolds
  6 kobold zombies
  5 orc zombies
  3 quokka zombies (Ossuary)
  4 rats
  5 rat zombies (Ossuary)
2018 creatures vanquished.

Vanquished Creatures (collateral kills)
  Frances (D:14)
1 creature vanquished.

Vanquished Creatures (others)
  A frost giant (Vaults:4)
  A deep elf knight (Elf:3)
  3 deep elf zephyrmancers
  5 bloated husks
  3 humans (Lair:5)
  A swamp worm (Swamp:3)
  A bullfrog (D:6)
  A howler monkey (D:9)
  An orc wizard (Orc:2)
  A giant cockroach zombie (Sewer)
  2 foxfires (Swamp:1)
20 creatures vanquished.

Grand Total: 2039 creatures vanquished

Notes
Turn   | Place    | Note
-------+----------+-------------------------------------------
     0 | D:1      | inmateoo the Gargoyle Monk began the quest for the Orb.
     0 | D:1      | Reached XP level 1. HP: 14/14 MP: 1/1
    52 | D:1      | Reached XP level 2. HP: 19/19 MP: 2/2
   393 | D:1      | Reached XP level 3. HP: 21/23 MP: 3/3
   445 | D:1      | Reached skill level 1 in Stealth
   560 | D:1      | Reached skill level 1 in Armour
  1357 | D:3      | Found Rosigh's Distillery.
  1360 | D:3      | Reached XP level 4. HP: 28/28 MP: 4/4
  1420 | D:3      | Bought a potion of curing for 39 gold pieces
  2267 | D:4      | Reached skill level 4 in Maces & Flails
  2267 | D:4      | Reached XP level 5. HP: 33/33 MP: 5/5
  2758 | D:4      | Found a runed translucent door.
  2759 | D:4      | Noticed sentinel's ghost (amateur AtGl)
  2759 | D:4      | Noticed a two-headed ogre
  2765 | D:4      | Noticed a kobold brigand
  2784 | D:4      | Killed a kobold brigand
  2785 | D:4      | Reached XP level 6. HP: 36/38 MP: 6/6
  2903 | D:4      | Found a staircase to the Ecumenical Temple.
  3306 | Temple   | Entered the Ecumenical Temple
  3321 | Temple   | Became a worshipper of Uskayaw the Reveller
  3321 | Temple   | Reached * piety under Uskayaw
  3403 | D:5      | Entered Level 5 of the Dungeon
  3433 | D:5      | Reached ** piety under Uskayaw
  3493 | D:5      | Reached *** piety under Uskayaw
  3499 | D:5      | Reached **** piety under Uskayaw
  3593 | D:5      | Reached skill level 5 in Maces & Flails
  3623 | D:5      | Reached XP level 7. HP: 39/44 MP: 7/7
  3685 | D:5      | Found a glowing drain.
  3734 | Sewer    | Entered a sewer
  3844 | Sewer    | Found a burning altar of Makhleb.
  3907 | Sewer    | Noticed Grinder
  3922 | Sewer    | Killed Grinder
  3923 | Sewer    | Reached skill level 5 in Fighting
  3923 | Sewer    | Reached skill level 6 in Maces & Flails
  3924 | Sewer    | Reached XP level 8. HP: 31/49 MP: 8/8
  4435 | D:5      | Found a faded altar of an unknown god.
  4435 | D:5      | Found a white marble altar of Elyvilon.
  4453 | D:5      | Found a faded altar of an unknown god.
  4455 | D:5      | Found a shadowy altar of Dithmenos.
  4457 | D:5      | Found a basalt altar of Yredelemnul.
  5001 | D:6      | Found a sand-covered staircase.
  5027 | Ossuary  | Entered an ossuary
  5035 | Ossuary  | Reached skill level 7 in Maces & Flails
  5590 | D:6      | Reached skill level 5 in Armour
  5590 | D:6      | Reached XP level 9. HP: 37/55 MP: 9/9
  5612 | D:6      | Reached ***** piety under Uskayaw
  5626 | D:6      | Reached ****** piety under Uskayaw
  5848 | D:6      | Reached skill level 8 in Maces & Flails
  6149 | D:7      | Reached skill level 5 in Dodging
  6149 | D:7      | Reached skill level 1 in Invocations
  6733 | D:7      | Noticed Maggie
  6746 | D:7      | Killed Maggie
  7272 | D:8      | Reached skill level 9 in Maces & Flails
  7359 | D:8      | Reached XP level 10. HP: 60/63 MP: 12/12
  8120 | D:9      | Identified the +0 leather armour of Domabosus {rPois rCorr
                  | Str-3}
  8169 | D:9      | Noticed a cyclops
  8169 | D:9      | Noticed a centaur warrior
  8262 | D:9      | Killed a centaur warrior
  8263 | D:9      | Reached skill level 10 in Maces & Flails
  8295 | D:9      | Noticed a two-headed ogre
  8308 | D:9      | Killed a two-headed ogre
  8442 | D:9      | Reached skill level 5 in Invocations
  8463 | D:9      | Reached XP level 11. HP: 69/69 MP: 13/15
  8540 | D:9      | Noticed a boulder beetle
  8551 | D:9      | Killed a cyclops
  8564 | D:9      | Killed a boulder beetle
  8565 | D:9      | Reached skill level 11 in Maces & Flails
  8697 | D:9      | Identified the +5 great sword of Fimbulwinter {freeze,
                  | rCorr Int-2 Dex+5}
  9268 | D:10     | Entered Level 10 of the Dungeon
  9647 | D:10     | Reached skill level 12 in Maces & Flails
  9934 | D:11     | Noticed a two-headed ogre
  9946 | D:11     | Killed a two-headed ogre
 10073 | D:11     | Noticed a brown ugly thing
 10093 | D:11     | Noticed a white ugly thing
 10097 | D:11     | Killed a brown ugly thing
 10098 | D:11     | Reached skill level 10 in Fighting
 10106 | D:11     | Killed a white ugly thing
 10124 | D:11     | Noticed a cyclops
 10148 | D:11     | Killed a cyclops
 10149 | D:11     | Reached skill level 13 in Maces & Flails
 10149 | D:11     | Reached XP level 12. HP: 77/77 MP: 17/17
 10157 | D:11     | Noticed a two-headed ogre
 10170 | D:11     | Killed a two-headed ogre
 10443 | D:11     | Noticed a vampire knight
 10444 | D:11     | Noticed a yaktaur captain
 10447 | D:11     | Noticed a death knight
 10495 | D:11     | Reached skill level 14 in Maces & Flails
 10776 | D:11     | Killed a vampire knight
 10777 | D:11     | Reached skill level 1 in Shields
 10777 | D:11     | Reached skill level 1 in Evocations
 11047 | D:11     | Killed a yaktaur captain
 11176 | D:11     | Killed a death knight
 11346 | D:11     | Found a staircase to the Lair.
 11621 | D:12     | Found a staircase to the Orcish Mines.
 11666 | D:12     | Noticed a two-headed ogre
 11666 | D:12     | Noticed a two-headed ogre
 11700 | D:11     | Killed a two-headed ogre
 11731 | D:12     | Killed a two-headed ogre
 11764 | D:12     | Noticed a two-headed ogre
 11765 | D:12     | Noticed a two-headed ogre
 11765 | D:12     | Noticed an ogre mage
 11786 | D:12     | Killed a two-headed ogre
 11787 | D:12     | Reached XP level 13. HP: 83/83 MP: 18/18
 12236 | D:12     | Found a runed translucent door.
 12514 | D:12     | Identified the +1 war axe of Immorality {drain, +Blink}
 12582 | D:12     | Noticed a sphinx
 12721 | D:13     | Found Orexoel's Antique Armour Emporium.
 12769 | D:13     | Bought a shiny helmet for 195 gold pieces
 12835 | D:13     | Noticed Josephine
 12930 | D:13     | Killed Josephine
 13005 | D:13     | Found an opulent altar of Gozag.
 13021 | D:13     | Identified the ring "Koho" {rPois rN+ Str+6 Int+2 Stlth+}
 13595 | D:14     | Noticed Frances
 13693 | Lair:1   | Entered Level 1 of the Lair of Beasts
 13805 | Lair:1   | Reached skill level 5 in Stealth
 14165 | Lair:1   | Found a runed translucent gate.
 14165 | Lair:1   | Found a runed translucent gate.
 14165 | Lair:1   | Found a runed translucent gate.
 14169 | Lair:1   | Noticed Vew Pil's ghost (journeyman DrSh)
 14425 | Lair:2   | Found a staircase to the Swamp.
 14556 | Lair:2   | Reached skill level 5 in Shields
 14604 | Lair:2   | Gained mutation: Your large and strong wings let you fly.
                  | [Gargoyle growth]
 14604 | Lair:2   | Reached XP level 14. HP: 90/90 MP: 20/20
 15085 | Lair:2   | Reached skill level 10 in Armour
 15234 | Lair:3   | Found a transporter.
 15239 | Lair:3   | Found a hole to the Spider Nest.
 15272 | Lair:3   | Reached skill level 15 in Maces & Flails
 15286 | Lair:3   | Found a transporter.
 16656 | Lair:4   | Identified the +6 scale mail "Siucvyco" {rC+ rN+ Will+
                  | Slay-3}
 17119 | Lair:5   | Entered Level 5 of the Lair of Beasts
 17379 | Lair:5   | Reached skill level 10 in Invocations
 17457 | Lair:5   | Found a staircase to the Slime Pits.
 17457 | Lair:5   | Found a viscous altar of Jiyva.
 17596 | Lair:5   | Got an earthy gem with 237 turns to spare
 17703 | Lair:5   | Noticed Kirke
 17739 | Lair:5   | Killed Kirke
 17750 | Lair:5   | Noticed Urug
 17753 | Lair:5   | Reached XP level 15. HP: 62/97 MP: 9/22
 17970 | Lair:5   | Killed Urug
 19283 | D:14     | Found a gate to the Vaults.
 19285 | D:14     | Killed Frances
 20181 | D:14     | Noticed a tengu reaver
 20261 | D:14     | Killed a tengu reaver
 20262 | D:14     | Reached skill level 16 in Maces & Flails
 20501 | D:15     | Entered Level 15 of the Dungeon
 20531 | D:15     | Noticed Agnes
 20606 | Orc:1    | Entered Level 1 of the Orcish Mines
 20606 | Orc:1    | Noticed Nergalle
 20629 | Orc:1    | Killed Nergalle
 20670 | Orc:1    | Found a transporter.
 20678 | Orc:1    | Found a transporter.
 20915 | Orc:2    | Entered Level 2 of the Orcish Mines
 21126 | Orc:2    | Found a staircase to the Elven Halls.
 21250 | Orc:1    | Found Poxoes's Firing Range.
 21622 | Orc:1    | Found a bloodstained altar of Trog.
 21622 | Orc:1    | Found the necklace of Bloodlust {Fury *Rage Will++ Int-3
                  | Slay+6}
 22082 | Orc:2    | Found Piwnos's Antique Armour Boutique.
 22105 | Orc:2    | Found an ancient bone altar of Kikubaaqudgha.
 22220 | Orc:2    | Noticed Erolcha
 22247 | Orc:2    | Found a radiant altar of Vehumet.
 22273 | Orc:2    | Killed Erolcha
 22369 | Orc:2    | Found Ufeigeatz's Book Boutique.
 22389 | Orc:2    | Found Pogidul's Jewellery Shop.
 22392 | Orc:2    | Found Vud Acek's Magic Scroll Shop.
 22424 | Orc:2    | Bought a scroll of acquirement for 728 gold pieces
 22424 | Orc:2    | Bought a scroll of enchant armour for 105 gold pieces
 22432 | Orc:2    | Bought the amulet of Potablek {Regen+ Str+7 Int-4} for 606
                  | gold pieces
 22447 | Orc:2    | Acquired a +2 eveningstar of freezing
 22573 | Orc:1    | Found a runed translucent door.
 22592 | Orc:1    | Reached XP level 16. HP: 99/105 MP: 24/24
 22886 | Orc:1    | Identified the +10 plate armour of the Ferocious Grue
                  | {Int+3}
 23033 | D:12     | Killed a sphinx
 23355 | D:4      | Killed sentinel's ghost
 23587 | Lair:1   | Killed Vew Pil's ghost
 23949 | D:15     | Noticed Nessos
 23955 | D:15     | Killed Nessos
 24276 | D:15     | Killed Agnes
 24412 | D:15     | Found a staircase to the Depths.
 24617 | D:15     | Noticed Roxanne
 24673 | D:15     | Killed Roxanne
 24674 | D:15     | Reached skill level 17 in Maces & Flails
 24674 | D:15     | Reached skill level 10 in Dodging
 24765 | D:15     | Found a sparkling altar of Nemelex Xobeh.
 25069 | Swamp:1  | Entered Level 1 of the Swamp
 25641 | Swamp:2  | Reached skill level 15 in Fighting
 25880 | Swamp:2  | Reached XP level 17. HP: 113/113 MP: 27/27
 26572 | Swamp:3  | Identified the +2 spear "Xautex" {flame, rF+ Will+ Str+2}
 26593 | Swamp:3  | Noticed Mara
 26609 | Swamp:3  | Killed Mara
 26940 | Swamp:4  | Entered Level 4 of the Swamp
 26981 | Swamp:4  | Reached skill level 18 in Maces & Flails
 27189 | Swamp:4  | Reached skill level 15 in Invocations
 27192 | Swamp:4  | Noticed Nikola
 27211 | Swamp:4  | Killed Nikola
 27403 | Swamp:4  | Noticed the 27-headed Lernaean hydra
 27548 | Swamp:4  | Noticed Bai Suzhen
 27573 | Swamp:4  | Killed Bai Suzhen
 28093 | Swamp:4  | Killed the 27-headed Lernaean hydra
 28226 | Swamp:4  | Got a decaying rune of Zot
 28344 | Swamp:4  | Reached XP level 18. HP: 113/119 MP: 29/29
 28745 | D:13     | Bought a runed scarf for 208 gold pieces
 28906 | Spider:1 | Entered Level 1 of the Spider Nest
 29849 | Spider:1 | Noticed Rupert
 29857 | Spider:1 | Killed Rupert
 29864 | Spider:1 | Noticed Donald
 29872 | Spider:1 | Killed Donald
 31312 | Spider:3 | Got Sif Muna's Atlas of Sinister Battle Magic
 32228 | Spider:4 | Entered Level 4 of the Spider Nest
 32469 | Spider:4 | Reached skill level 15 in Armour
 32741 | Spider:4 | Reached XP level 19. HP: 123/125 MP: 31/31
 33331 | Spider:4 | Reached skill level 19 in Maces & Flails
 33397 | Spider:4 | Got a gossamer rune of Zot
 33814 | Vaults:1 | Entered Level 1 of the Vaults
 34258 | Vaults:1 | Found the +5 robe of Night {Dark Will+ SInv}
 34283 | Vaults:1 | Found a radiant altar of Vehumet.
 34318 | Vaults:1 | Identified the +1 hat "Teijimm" {Int+2 Slay+2 Stlth+}
 34352 | Vaults:1 | Found Sipat's Jewellery Boutique.
 34361 | Vaults:1 | Bought the ring of Zubaew {rF+++ rCorr MP-9 Str+5} for 1018
                  | gold pieces
 34715 | Vaults:1 | Identified the serpent talisman "Inimi" {rF+ Int-2 Dex+6}
 34715 | Vaults:1 | Noticed Aizul
 34722 | Vaults:1 | Noticed Asterion
 34726 | Vaults:1 | Killed Aizul
 34732 | Vaults:1 | Killed Asterion
 35078 | Vaults:2 | Found a flickering gateway to a bazaar.
 35099 | Bazaar   | Entered a bazaar
 35099 | Bazaar   | Found Gyfiong's Antique Armour Emporium.
 35111 | Bazaar   | Found Hyplot's Magic Scroll Emporium.
 35122 | Bazaar   | Found Jebac's General Store.
 35130 | Bazaar   | Found Iroqufedd's Antique Weapon Shop.
 35152 | Bazaar   | Found Qemeh's Jewellery Boutique.
 35179 | Bazaar   | Bought a scroll of teleportation for 39 gold pieces
 35179 | Bazaar   | Bought a scroll of teleportation for 39 gold pieces
 35179 | Bazaar   | Bought a scroll of enchant weapon for 97 gold pieces
 35179 | Bazaar   | Bought a scroll of teleportation for 39 gold pieces
 35652 | Vaults:2 | Reached XP level 20. HP: 104/134 MP: 23/32
 36292 | Vaults:3 | Found a staircase to the Crypt.
 36376 | Vaults:3 | Identified the orb "Beomupru" {*channel, rC+ Str+5 Int+3}
 36376 | Vaults:3 | Noticed Frederick
 36392 | Vaults:3 | Killed Frederick
 37301 | Vaults:4 | Reached skill level 10 in Shields
 37679 | Vaults:4 | Reached XP level 21. HP: 85/140 MP: 24/33
 37972 | Vaults:4 | Found a transporter.
 37973 | Vaults:4 | Found a shimmering blue altar of Sif Muna.
 38178 | Vaults:4 | Found a transporter.
 38178 | Vaults:4 | Noticed abarbat's ghost (adept MiBe)
 38178 | Vaults:4 | Identified the +7 great mace "Molih" {elec, rPois}
 38179 | Vaults:4 | Found a transporter.
 38292 | Vaults:4 | Reached skill level 20 in Maces & Flails
 38444 | Vaults:4 | Found a transporter.
 38855 | Vaults:4 | Killed abarbat's ghost
 38902 | Vaults:4 | Identified the +4 great sword of the Sky {freeze, rF+++ rC-
                  | rN++ MP+9}
 39116 | Depths:1 | Entered Level 1 of the Depths
 39176 | Depths:1 | Found a gateway to Hell.
 39202 | Depths:1 | Found Voliah's Armour Shoppe.
 39202 | Depths:1 | Found Wobeuss's Book Emporium.
 39484 | Depths:1 | Found a one-way gate to the infinite horrors of the Abyss.
 39754 | Depths:1 | Found a transporter.
 39754 | Depths:1 | Found a transporter.
 39756 | Depths:1 | Found a transporter.
 39875 | Depths:1 | Found a transporter.
 39901 | Depths:1 | Identified the +5 orcbow "Dragon's Tongue" {drain, ^Drain
                  | rElec rN++}
 40431 | Depths:2 | Found a one-way gate leading to the halls of Pandemonium.
 40538 | Depths:2 | Reached XP level 22. HP: 77/148 MP: 22/35
 41047 | Depths:3 | Noticed the Enchantress
 41182 | Depths:2 | Killed the Enchantress
 41953 | Depths:3 | Noticed a golden dragon
 41953 | Depths:3 | You are sucked into a shaft and drop 1 floor!
 41953 | Depths:4 | Entered Level 4 of the Depths
 42445 | Depths:3 | Killed a golden dragon
 42515 | Depths:4 | Found a one-way gateway to a ziggurat.
 42554 | Depths:4 | Reached skill level 21 in Maces & Flails
 42652 | Depths:4 | Found Milizuq's Weapon Boutique.
 42759 | Depths:4 | Found a gate to the Realm of Zot.
 42759 | Depths:4 | Noticed a golden dragon
 42778 | Depths:4 | Killed a golden dragon
 43340 | Elf:1    | Entered Level 1 of the Elven Halls
 43441 | Elf:1    | Reached XP level 23. HP: 142/155 MP: 27/36
 44492 | Elf:2    | Found a runed translucent gate.
 44492 | Elf:2    | Found a runed translucent gate.
 44492 | Elf:2    | Found a runed translucent gate.
 45001 | Elf:3    | Entered Level 3 of the Elven Halls
 45054 | Elf:3    | Noticed Norris
 45069 | Elf:3    | Killed Norris
 45195 | Elf:3    | Found Eczoedeghy's Jewellery Shop.
 45790 | Elf:3    | Reached skill level 15 in Dodging
 45879 | Elf:3    | Reached skill level 22 in Maces & Flails
 46083 | Elf:3    | Identified the ring of Wu Jian's Wrath {^Contam rF+ rC++
                  | Slay+5}
 46086 | Elf:3    | Identified the +0 leather armour of Basorios {Will+ Dex+5}
 46086 | Elf:3    | Identified the ring of the Establishment {rN+ MP+9 Int-5
                  | Dex+2}
 46160 | Elf:3    | Identified the +2 pair of boots "Oregoed" {rPois Dex+4}
 46328 | Elf:3    | Identified the +7 broad axe of Vositzo {spect, rF- rN+
                  | Str+2 Stlth+}
 46335 | Elf:3    | Identified the +11 hand axe of Context {flame, rElec rF-
                  | rC+++ Dex+2}
 46833 | Vaults:5 | Entered Level 5 of the Vaults
 46936 | Vaults:4 | Reached skill level 23 in Maces & Flails
 46994 | Vaults:5 | Reached XP level 24. HP: 163/163 MP: 27/36
 47197 | Vaults:5 | Reached skill level 24 in Maces & Flails
 47280 | Vaults:5 | Identified the staff of the Black Skies {rElec rPois rF+
                  | Dex+3 Alchemy}
 47385 | Vaults:5 | Identified the +0 pair of boots of Eqalueg {Slay+2}
 47871 | Vaults:5 | Noticed a dread lich
 47878 | Vaults:5 | Killed a dread lich
 48288 | Vaults:5 | Noticed a dread lich
 48650 | Vaults:5 | Killed a dread lich
 48829 | Vaults:5 | Identified the +7 long sword of Inference {freeze, *Corrode
                  | rPois Dex-3 SInv}
 48878 | Vaults:5 | Identified the +1 chain mail of Geemog {rElec Regen+ rCorr
                  | Int-3}
 48892 | Vaults:5 | Got a silver rune of Zot
 48920 | Vaults:5 | Identified the staff "Hydrabane" {rPois MP+9 Str+3 Dex+3
                  | Alchemy}
 49215 | Vaults:5 | Learned a level 1 spell: Apportation
 49584 | Zot:1    | Entered Level 1 of the Realm of Zot
 50131 | Zot:1    | Identified the +1 robe of the Endless Expanse {Dex+3
                  | Archmagi}
 50364 | Zot:1    | Identified the amulet of Teloeng {Acrobat rN+++ Str+2
                  | Dex-5}
 50821 | Zot:2    | Reached XP level 25. HP: 167/171 MP: 27/36
 51018 | Zot:2    | Noticed Grunn
 51034 | Zot:2    | Killed Grunn
 54338 | Zot:5    | Entered Level 5 of the Realm of Zot
 54654 | Zot:5    | Reached XP level 26. HP: 180/180 MP: 28/37
 55190 | Zot:5    | Noticed a dread lich
 55205 | Zot:5    | Killed a dread lich
 55235 | Zot:5    | Noticed an orb of fire
 55248 | Zot:5    | Killed an orb of fire
 55264 | Zot:5    | Noticed a Killer Klown
 55279 | Zot:5    | Killed a Killer Klown
 55363 | Zot:5    | Noticed a Killer Klown
 55365 | Zot:5    | Noticed a Killer Klown
 55365 | Zot:5    | Noticed a Killer Klown
 55367 | Zot:5    | Noticed a Killer Klown
 55367 | Zot:5    | Noticed an orb of fire
 55375 | Zot:5    | Killed a Killer Klown
 55382 | Zot:5    | Noticed an orb of fire
 55384 | Zot:5    | Gained mutation: You are clumsy. (Dex -2) [an orb of fire]
 55388 | Zot:5    | Killed an orb of fire
 55389 | Zot:5    | Killed an orb of fire
 55391 | Zot:5    | Killed a Killer Klown
 55400 | Zot:5    | Killed a Killer Klown
 55406 | Zot:5    | Killed a Killer Klown
 55745 | Zot:5    | Noticed a Killer Klown
 55758 | Zot:5    | Killed a Killer Klown
 55774 | Zot:5    | Noticed a Killer Klown
 55774 | Zot:5    | Noticed an orb of fire
 55784 | Zot:5    | Gained mutation: You have hidden genetic defects. [an orb
                  | of fire]
 55786 | Zot:5    | Gained mutation: You occasionally shout uncontrollably at
                  | your foes. [an orb of fire]
 55788 | Zot:5    | Gained mutation: You are weak. (Str -2) [an orb of fire]
 55794 | Zot:5    | Killed an orb of fire
 55794 | Zot:5    | Noticed a Killer Klown
 55803 | Zot:5    | Killed a Killer Klown
 55813 | Zot:5    | Killed a Killer Klown
 55851 | Zot:5    | Lost mutation: You have hidden genetic defects. [potion of
                  | mutation]
 55851 | Zot:5    | Lost mutation: You occasionally shout uncontrollably at
                  | your foes. [potion of mutation]
 55851 | Zot:5    | Gained mutation: You occasionally lose the ability to drink
                  | potions when taking damage. [potion of mutation]
 55851 | Zot:5    | Gained mutation: Your magical capacity is low. (-10% MP)
                  | [potion of mutation]
 55851 | Zot:5    | Gained mutation: You are strong-willed. (Will+) [potion of
                  | mutation]
 55852 | Zot:5    | Lost mutation: You are weak. (Str -2) [potion of mutation]
 55852 | Zot:5    | Lost mutation: You occasionally lose the ability to drink
                  | potions when taking damage. [potion of mutation]
 55852 | Zot:5    | Gained mutation: You are somewhat resistant to further
                  | mutation. [potion of mutation]
 55903 | Zot:5    | Noticed a dread lich
 55906 | Zot:5    | Noticed an ancient lich
 55913 | Zot:5    | Killed an ancient lich
 55916 | Zot:5    | Killed a dread lich
 56136 | Zot:5    | Got the Orb of Zot
 56287 | Zot:1    | Noticed Qenlacs the pandemonium lord
 56742 | D:$      | Escaped with the Orb!

Illustrated notes

Levels and vault maps discovered:
D:1:      roadster_arrival_rocket_small, layout_basic, serial_bayou,
          serial_bayou_shore_a, serial_bayou_lagoon_a, serial_bayou_pond_c,
          serial_bayou_shore_b, serial_bayou_pond_e, serial_bayou_shore_b,
          minmay_tetromino_s2
D:2:      layout_loops_cross, minmay_misc_feat_cross
D:3:      layout_basic, serial_shops, shop
D:4:      minmay_skewed_foursquare, layout_basic, temple_doors_ab,
          serial_aquarium, aquarium_bridge_square [aquarium_subvault_bridge,
          aquarium_subvault_window, aquarium_subvault_window,
          aquarium_subvault_bridge], aquarium_window_2, aquarium_window_2,
          aquarium_view_2d, aquarium_pool_2, ebering_ghost_inner_flame
D:5:      layout_loops_ring, chequers_temple_overflow_minitemple,
          gup_sewer_entry_pipe
D:6:      layout_cave_pools, nicolae_ossuary_entry_giza
D:7:      layout_layer_cave, nrook_pool_corridor, grunt_ogre_cave, uniq_maggie
D:8:      layout_loops_ring
D:9:      hangedman_cross_cluster, layout_gridville
D:10:     layout_cave_pools
D:11:     minmay_complete_graph, layout_loops_ring, lair_entry_dummy
D:12:     layout_irregular_city, david_orc_3, serial_glass, glass_columns_a,
          glass_columns_a, glass_columns_b, glass_columns_a, glass_columns_a,
          glass_columns_a, lightli_airlock
D:13:     minmay_weird_star, layout_irregular_city, serial_shops, shop,
          nicolae_gozag_seed_capital, uniq_josephine
D:14:     layout_cave_pools, hellmonk_vaults_attempted_burglary,
          corexii_leaking_fountain, minivault_24, st_stairs_1, uniq_frances
D:15:     gammafunk_depths_entry_grave, layout_cave_pods,
          wad_floor_pattern_untrapped, nemelex_diamond_rough_becter,
          uniq_roxanne, uniq_nessos, uniq_agnes
Temple:   compressed_dpeg_triangle_lava_temple
Lair:1:   layout_hall_layers, gammafunk_ghost_hydra_chop,
          small_statue_intersection, nicolae_quartered_pool_medium, st_stairs_9,
          nicolae_lair_run_with_the_wolves
Lair:2:   layout_hall_layers, swamp_mist_pool, minivault_27,
          beast_lair_carwin_4, serial_bayou_shore_b
Lair:3:   gammafunk_worm_tunnel, layout_gridlike,
          nicolae_spider_entry_tight_spaces, hellmonk_talismancer,
          lemuel_fruit_tree
Lair:4:   layout_small_grid, chequers_serial_rivers_room_b
Lair:5:   minmay_lair_end_frog_pond, layout_gridlike,
          nicolae_slime_entry_field_trip, uniq_urug, uniq_kirke
Swamp:1:  layout_falls_marsh, evilmike_swamp_ruin_house_3,
          infiniplex_staircase_pool
Swamp:2:  layout_basic_swamp, evilmike_swamp_ruin_house_4, swamp_pool_1_2,
          nicolae_swamp_decorative_isthmus
Swamp:3:  layout_basic_swamp, evilmike_swamp_ruin_rubble_2, uniq_mara
Swamp:4:  grunt_swamp_rune_castle, layout_basic_swamp,
          nicolae_swamp_well_well_well, uniq_bai_suzhen, uniq_nikola
Spider:1: layout_spider_delve, uniq_rupert, uniq_donald
Spider:2: layout_cave_pods, einodemon_crawler_minivault
Spider:3: layout_chambers
Spider:4: spider_rune_water, hangedman_spider_tarantella_strand
Orc:1:    emtedronai_trogs_sanctum, layout_caves, basic_altar,
          nicolae_shop_firing_range, uniq_nergalle
Orc:2:    kennysheep_orc_mage_school, layout_diamond_mine
Elf:1:    minmay_elf_arrival_plus, layout_geoelf_grid, hangedman_elf_disciples
Elf:2:    nicolae_elf_blades_splatter_lattice [nicolae_blade_entry_antechamber],
          layout_geoelf_octagon
Elf:3:    minmay_elf_hall_dome, layout_geoelf_diagonals, serial_shops, shop,
          minivault_4, nicolae_elf_v_pinch, uniq_norris
Vaults:1: grunt_tower_of_power, v_rooms_3, nicolae_vaults_mini_display_case,
          nicolae_vaults_little_squares_1, v_alt_pattern_3,
          nicolae_vaults_tetromino_T_1, nicolae_vaults_storage_room_statues,
          hangedman_vaults_unwind, vaults_room_pools, nicolae_vaults_tangram_1,
          hangedman_vaults_river_flow, nicolae_vaults_theta,
          layout_vaults_omnibox, serial_shops, shop, uniq_asterion, uniq_aizul
Vaults:2: nicolae_vaults_network_quinsquares
          [nicolae_vaults_network_quincunx_subvault,
          nicolae_vaults_network_quincunx_subvault,
          nicolae_vaults_network_quincunx_subvault,
          nicolae_vaults_network_quincunx_subvault],
          nicolae_vaults_variable_pillar_hall, v_alt_pattern_4,
          nicolae_vaults_halls_meeting, v_misc_33, nicolae_vaults_six-pack,
          ontoclasm_vaults_gateway, layout_vaults_omnigrid, serial_shops,
          bzr_entry_water
Vaults:3: v_misc_16, vaults_room_corners, vaults_room_glass_cross,
          vaults_mumra_hex, hangedman_vaults_trim, vaults_room_pools, v_misc_26,
          vaults_dpeg_cross, minmay_crypt_entry_simple_box, v_misc_8,
          layout_vaults_maze_snakey, uniq_frederick
Vaults:4: gammafunk_ghost_smash, gammafunk_sealed_library,
          nicolae_vaults_steering_wheel, nicolae_vaults_big_angled_halls,
          vaults_room_octagon, nicolae_vaults_rhombus_7,
          layout_vaults_chaotic_city
Vaults:5: serial_shops
Depths:1: layout_gridville, hell_entry, chequers_serial_rivers_small_b,
          abyss_entry, nicolae_diode_quadrants, serial_bayou_shore_b,
          minmay_shoptagon, grunt_megastairs_2, serial_bayou_shore_b
Depths:2: minmay_octagon_keep, layout_cave_pools, rand_demon_pan_entry_3,
          hell_entry, chequers_serial_rivers_small_a
Depths:3: nicolae_cairo_tiling_large_dashed, layout_honeycomb, hell_entry,
          nicolae_abyss_entry_one_way_or_another, uniq_margery, uniq_enchantress
Depths:4: grunt_twist_and_shout, layout_cave_shapes, enter_ziggurat_e,
          serial_shops, shop, hellmouth_1, chequers_serial_rivers_micro_b
Zot:1:    layout_cathedral_of_symmetry, st_stairs_6,
          regret_index_zotdec_twisting_globes
Zot:2:    layout_basic, regret_index_zot_stipple_split, uniq_grunn
Zot:3:    layout_basic
Zot:4:    nicolae_zot_stationary_front, layout_gridlike, grunt_megastairs_5,
          uniq_josephina
Zot:5:    layout_onion

Skill      XL: |  1  2  3  4  5  6  7  8  9 10 11 12 13 14 15 16 17 18 19 20 21 22 23 24 25 26 |
---------------+-------------------------------------------------------------------------------+-----
Stealth        | 1 2 3 5 6 |  6.0
Armour         | 1 2 3 5 6 7 8 9 11 12 13 15 16 18 19 20 | 20.0
Maces & Flails | 4 5 6 7 9 10 13 14 15 16 17 18 19 20 21 23 24 | 24.0
Fighting       | 4 5 6 7 8 10 11 12 13 15 16 17 18 19 20 21 22 23 | 23.7
Dodging        | 3 4 5 6 7 9 10 11 12 13 14 15 16 17 18 | 18.2
Invocations    | 3 5 7 8 10 11 13 15 16 17 18 19 20 22 | 22.1
Shields        | 3 5 6 8 10 11 13 14 | 14.0
Evocations     | 2 4 |  4.0

Action                     |  1- 3 |  4- 6 |  7- 9 | 10-12 | 13-15 | 16-18 | 19-21 | 22-24 | 25-27 || total
---------------------------+-------+-------+-------+-------+-------+-------+-------+-------+-------++-------
  Melee: Mace              |   120 |    35 |       |       |       |       |       |       |       ||   155
         Flail             |       |   109 |    80 |       |       |       |       |       |       ||   189
         Whip              |       |       |   357 |   730 |  2096 |       |       |       |       ||  3183
         Eveningstar       |       |       |       |       |     6 |  1236 |  1135 |  1320 |   775 ||  4472
  Throw: Dart              |       |       |     2 |     9 |    22 |       |       |       |       ||    33
         Throwing net      |       |       |       |     3 |       |       |       |       |       ||     3
   Cast: Apportation       |       |       |       |       |       |       |       |     1 |       ||     1
 Invoke: Stomp             |       |       |       |       |     8 |       |     6 |       |       ||    14
         Grand Finale      |       |       |       |       |     1 |       |     3 |       |     4 ||     8
         Line Pass         |       |       |       |       |       |     1 |       |       |       ||     1
  Evoke: Wand              |       |       |       |     2 |    11 |     5 |     6 |     2 |     4 ||    30
         Phantom mirror    |       |       |       |       |       |       |       |       |     1 ||     1
    Use: Scroll            |       |       |    23 |     3 |    13 |     3 |     6 |     5 |    13 ||    66
         Potion            |       |       |       |     5 |     1 |     2 |     2 |       |     8 ||    18
   Stab: Paralysed         |       |     1 |    18 |    53 |   160 |   115 |   132 |   124 |    72 ||   675
         Held in net/web   |       |       |       |     2 |       |       |       |       |       ||     2
         Sleeping          |       |       |       |       |    14 |     9 |     6 |    11 |     1 ||    41
         Invisible         |       |       |       |       |     1 |     2 |       |       |       ||     3
         Distracted        |       |       |       |       |       |     1 |       |     3 |     1 ||     5
 Armour: Robe              |    25 |       |       |       |       |       |       |       |       ||    25
         Ring mail         |    41 |    80 |   184 |       |       |       |       |       |       ||   305
         Scale mail        |       |       |    18 |   296 |   915 |   877 |   781 |   844 |   453 ||  4184
         Skin              |       |       |       |    25 |       |       |       |       |       ||    25
  Dodge: Dodged            |    75 |    96 |   339 |   409 |  1007 |   887 |   600 |   558 |   340 ||  4311
  Block: Buckler           |       |       |       |    24 |   355 |   168 |       |       |       ||   547
         Kite shield       |       |       |       |       |       |   229 |   496 |   617 |   521 ||  1863
         Reflection        |       |       |       |       |       |     1 |    56 |    37 |    12 ||   106
